 Dungeon Crawl Stone Soup version 0.30-a0-1066-g63dfefce0d (webtiles) character file.

Game seed: 8743492167465742196

401 jimonade the Chopper (level 6, -4/56 HPs)
             Began as a Naga Warper on Apr 12, 2023.
             Slain by an ice beast (10 damage)
             ... on level 5 of the Dungeon.
             The game lasted 00:05:57 (2940 turns).

jimonade the Chopper (Naga Warper)                  Turns: 2940, Time: 00:05:57

Health: -4/56      AC: 11    Str: 15    XL:     6   Next: 85%
Magic:  9/9        EV:  7    Int: 14    God:
Gold:   140        SH:  0    Dex: 10    Spells: 5/9 levels left

rFire   . . .      SeeInvis +    a - +0 war axe
rCold   . . .      Faith    .    (no shield)
rNeg    . . .      Spirit   .    b - +0 leather armour
rPois   +          Reflect  .    (no helmet)
rElec   .          Rampage  .    (no cloak)
rCorr   .                        (no gloves)
Will    .....                    t - +3 barding
Stlth   +                        (no amulet)
HPRegen 0.29/turn                (no ring)
MPRegen 0.11/turn                (no ring)

@: very slow
A: AC +2, large, see invisible, deformed body, poison resistance, slowness 2,
spit poison 1, naga tail 1
a: Spit Poison


You were on level 5 of the Dungeon.
You visited 1 branch of the dungeon, and saw 5 of its levels.

You collected 140 gold pieces.

Inventory:

Hand Weapons
 a - a +0 war axe (weapon)
 w - a +0 hand axe
 y - a +0 falchion of holy wrath
Missiles
 d - 7 boomerangs of dispersal
 h - 4 boomerangs
 l - 2 poisoned darts
Armour
 b - a +0 leather armour (worn)
 t - a +3 barding (worn)
Magical Staves
 p - a staff of fire
Jewellery
 n - a ring of fire
Wands
 z - a wand of flame (13)
Scrolls
 c - a scroll of blinking
 f - a scroll of fog {unknown}
 g - a scroll of teleportation
 i - 2 scrolls of identify
 r - a scroll of enchant weapon {unknown}
 s - 2 scrolls of summoning {unknown}
 v - a scroll of vulnerability {unknown}
Potions
 e - a potion of haste {unknown}
 j - a potion of heal wounds {unknown}
 k - 3 potions of magic
 m - 4 potions of brilliance
 o - a potion of resistance {unknown}
 q - a potion of attraction {unknown}
 u - a potion of curing {unknown}
 x - 2 potions of flight {unknown}


   Skills:
 + Level 3.2 Fighting
 + Level 4.4 Axes
 + Level 0.8 Throwing
 + Level 2.6 Armour
 + Level 2.3 Dodging
 + Level 1.5 Stealth
 + Level 2.0 Spellcasting
 * Level 3.8 Translocations


You had 5 spell levels left.
You knew the following spells:

 Your Spells              Type           Power      Damage    Failure   Level
a - Blink                 Tloc           24%        N/A       9%          2
b - Lesser Beckoning      Tloc           24%        N/A       9%          2

Your spell library contained the following spells:

 Spells                   Type           Power      Damage    Failure   Level
 Apportation              Tloc           24%        N/A       6%          1
 Teleport Other           Tloc           12%        N/A       19%         3
 Momentum Strike          Conj/Tloc      12%        3d8       21%         2
 Vhi's Electric Charge    Tloc/Air       12%        N/A       36%         3
 Manifold Assault         Tloc           12%        N/A       52%         4
 Alistair's Intoxication  Tmut/Pois      0%         N/A       100%        5


Dungeon Overview and Level Annotations

Branches:
Dungeon (6/15)
 Temple: D:4-7

Altars:

Shops:
D:2 :


Innate Abilities, Weirdness & Mutations

Your serpentine skin is tough. (AC +2)
You have supernaturally acute eyesight. (SInv)
Armour fits poorly on your strangely shaped body.
Your system is resistant to poisons. (rPois)
You cover ground very slowly.
You can spit poison.
You have a snake-like lower body.


Message History

You kill the adder!
You barely miss the ice beast. The ice beast barely misses you.
You hit the ice beast.
The ice beast is lightly wounded.
The ice beast hits you. The ice beast freezes you!
You barely miss the ice beast.
The ice beast is lightly wounded.
The ice beast hits you. The ice beast freezes you!
The ice beast closely misses you.
You hit the ice beast.
The ice beast is moderately wounded.
The ice beast hits you. The ice beast freezes you!
* * * LOW HITPOINT WARNING * * *
You are too injured to fight recklessly!
You are too injured to fight recklessly!
You are too injured to fight recklessly!
You hit the ice beast.
The ice beast is moderately wounded.
The ice beast barely misses you.
You slash the ice beast!
The ice beast is severely wounded.
The ice beast hits you but does no damage.
You barely miss the ice beast.
The ice beast is severely wounded.
The ice beast hits you but does no damage. x2
You hit the ice beast but do no damage.
The ice beast is severely wounded.
The ice beast hits you.
* * * LOW HITPOINT WARNING * * *
The ice beast freezes you!
* * * LOW HITPOINT WARNING * * *
You hit the ice beast.
The ice beast is almost dead.
The ice beast hits you but does no damage.
You barely miss the ice beast.
The ice beast is almost dead.
The ice beast hits you.
* * * LOW HITPOINT WARNING * * *
The ice beast freezes you!
You die...

##
...........#
.#
...........
.#
..........#
.##
..........
..#
#........#
<.# #.Y....#
..##
#..######
...#
##Y.......
...#
###@########
...# ##..##
...# ##..##
#### ##..##
###.###
##..##
########..##
.....##...#
..........#


You could see an ice beast.

Vanquished Creatures
  A black bear (D:5)
  A phantom (D:3)
  A scorpion (D:5)
  A hound (D:5)
  A jelly (D:5)
  5 adders
  An ufetubus (D:5)
  2 worms
  A dart slug (D:1)
  6 orcs
  3 ball pythons
  3 bats
  4 endoplasms
  A giant cockroach (D:1)
  5 goblins
  6 hobgoblins
  4 jackals (D:2)
  5 kobolds
  3 quokkas
  2 frilled lizards (D:3)
  5 rats
61 creatures vanquished.

Notes
Turn   | Place    | Note
-------+----------+-------------------------------------------
     0 | D:1      | jimonade the Naga Warper began the quest for the Orb.
     0 | D:1      | Reached XP level 1. HP: 19/19 MP: 3/3
    77 | D:1      | Reached skill level 1 in Armour
   120 | D:1      | Reached XP level 2. HP: 12/26 MP: 5/5
   426 | D:1      | Reached XP level 3. HP: 13/33 MP: 6/6
   818 | D:2      | Found Xumpuorgh's Book Shoppe.
  1054 | D:2      | HP: 1/33 [hobgoblin/+0 long sword (8)]
  1158 | D:2      | Reached XP level 4. HP: 16/40 MP: 7/7
  2090 | D:3      | Reached skill level 3 in Axes
  2167 | D:3      | Noticed a phantom
  2199 | D:3      | Killed a phantom
  2200 | D:3      | Reached XP level 5. HP: 26/48 MP: 8/8
  2345 | D:3      | You fall into a shaft and drop 3 floors!
  2349 | D:6      | Learned a level 2 spell: Blink
  2352 | D:6      | Learned a level 2 spell: Lesser Beckoning
  2456 | D:5      | Entered Level 5 of the Dungeon
  2467 | D:5      | Reached XP level 6. HP: 30/56 MP: 9/9
  2664 | D:5      | Reached skill level 1 in Stealth
  2723 | D:5      | Noticed a black bear
  2736 | D:5      | Killed a black bear
  2737 | D:5      | Reached skill level 4 in Axes
  2919 | D:5      | Noticed an ice beast
  2940 | D:5      | Slain by an ice beast

Illustrated notes

Levels and vault maps discovered:
D:1:      tarquinn_simple_flora_water_b, layout_rooms
D:2:      layout_rooms, serial_shops, shop_fountains
D:3:      layout_rooms, nicolae_gozag_cash_rules_everything_around_me,
          feat_on_display
D:5:      layout_cave_pods, kennysheep_mini_moat
D:6:      layout_basic, grunt_dithmenos_shadows, minmay_circle_x

Skill      XL: |  1  2  3  4  5  6 |
---------------+-------------------+-----
Armour         | 1 2 |  2.6
Dodging        | 2 |  2.3
Axes           | 3 4 |  4.4
Fighting       | 3 |  3.2
Stealth        | 1 |  1.5
Throwing       | |  0.8
Spellcasting   | |  2.0
Translocations | |  3.8

Action                     |  1- 3 |  4- 6 || total
---------------------------+-------+-------++-------
  Melee: Hand axe          |   114 |   116 ||   230
         War axe           |       |    69 ||    69
         Punch             |       |     1 ||     1
Ability: Spit Poison       |       |     1 ||     1
    Use: Scroll            |       |     7 ||     7
 Armour: Leather armour    |    27 |    91 ||   118
  Dodge: Dodged            |    54 |    87 ||   141

Table legend: (Time is in decaauts)
 A = Elapsed time spent in this place.
 B = Non-inter-level travel time spent in this place.
 C = Inter-level travel time spent in this place.
 D = Time resting spent in this place.
 E = Time spent auto-exploring this place.
 F = Levels seen in this place.
 G = Mean time per level.
                   A        B        C        D        E       F      G
               +--------+--------+--------+--------+--------+-----+--------+
         Total |   3560 |   3378 |    182 |    125 |   2424 |   5 |  712.0 |
       Dungeon |   3560 |   3378 |    182 |    125 |   2424 |   5 |  712.0 |
               +--------+--------+--------+--------+--------+-----+--------+

Top non-repeatable levels by time:
     D:2: 1076 daAuts
     D:1: 997 daAuts
     D:3: 751 daAuts
     D:5: 592 daAuts
     D:6: 143 daAuts
